Sharks vs Coyotes

Created - Sunday, April 05, 2015 at 01:07

Goals
1 2 3 T
Sharks 1 0 1 2
Coyotes 3 0 0 3
Shots
1 2 3 T
Sharks 10 4 7 21
Coyotes 13 10 8 31

1st period

1. Coyotes , Eric Nystrom 16 (Martin Erat, David Jones) at 1:00 (PP)
2. Sharks , Olli Jokinen 15 (Curtis Glencross, Brad Richards) at 15:13
3. Coyotes , Mike Richards 10 (Rich Peverley, Jaden Schwartz) at 16:30
4. Coyotes , Aaron Rome 1 (Mike Richards, Rich Peverley) at 17:04

Penalties :
Mike Weber (SJ ) for Hooking (Minor) at 0:51, Michael Kostka (Ari) for Tripping (Minor) at 1:09, Aaron Rome (Ari) for Tripping (Minor) at 8:15, Alexandre Bolduc (SJ ) for Hooking (Minor) at 19:51

2nd period

No Goal

Penalties :
Jaden Schwartz (Ari) for Holding (Minor) at 6:43, Dion Phaneuf (SJ ) for Tripping (Minor) at 12:50

3rd period

5. Sharks , Dion Phaneuf 26 (Brian Gionta, Jonathan Quick) at 4:02 (PP)

Penalties :
Mike Richards (Ari) for Cross-checking (Minor) at 0:44, Aaron Rome (Ari) for Cross-checking (Minor) at 3:52, Dion Phaneuf (SJ ) for Hooking (Minor) at 6:56, Luca Sbisa (SJ ) for Roughing (Minor) at 16:29

Goalie Stats

Jonathan Quick (SJ ), 28 saves from 31 shots - (0.903), L, 41-19-6, 58:42 minutes
Carter Hutton (Ari), 19 saves from 21 shots - (0.905), W, 8-18-1, 60:00 minutes

Players Stats for Sharks

Player Name              G  A  P  +/- PIM S  H  SB GA TA FO     MP     PP MP  PK MP  
------------------------------------------------------------------------------------
Alexandre Bolduc         0  0  0   0  2   0  1  0  0  0  2/6    15:19   0:00   1:31 
Andy Andreoff            0  0  0   0  0   0  0  0  0  0  2/3     5:22   0:00   0:00 
Brad Richards            0  1  1  -2  0   5  1  1  4  0  14/24  23:06   3:57   5:03 
Brian Gionta             0  1  1  -2  0   0  1  1  1  0  0/0    22:22   3:57   0:40 
Curtis Glencross         0  1  1   1  0   1  0  1  6  0  1/1    16:56   4:09   0:51 
Dion Phaneuf             1  0  1   1  4   7  2  0  0  2  0/0    25:26   4:35   3:04 
Jay Harrison             0  0  0   0  0   0  2  1  0  0  0/0    15:30   0:00   4:02 
Jayson Megna             0  0  0   0  0   1  0  0  0  0  0/0    15:04   0:00   1:02 
Luca Sbisa               0  0  0   0  2   2  3  0  0  1  0/0    15:14   0:00   3:36 
Mark Fistric             0  0  0   0  0   0  0  0  0  0  0/0     3:58   0:00   0:00 
Matt Hendricks           0  0  0   1  0   1  2  0  0  1  0/1    16:56   4:09   0:51 
Maxim Lapierre           0  0  0   0  0   1  0  1  0  0  4/5     3:26   0:00   0:00 
Mike Green               0  0  0  -2  0   0  1  1  1  0  0/0    17:34   3:31   0:00 
Mike Weber               0  0  0  -2  2   1  2  0  2  2  0/0    20:39   3:31   2:44 
Nicklas Grossmann        0  0  0   1  0   0  2  2  0  0  0/0    21:38   4:35   2:44 
Olli Jokinen             1  0  1   1  0   1  0  0  3  1  10/16  21:42   4:09   5:32 
Richard Panik            0  0  0   0  0   1  2  0  2  1  0/0    14:33   0:00   0:00 
Vincent Lecavalier       0  0  0  -2  0   0  2  0  3  0  1/1    17:00   3:57   0:40 

Players Stats for Coyotes

Player Name              G  A  P  +/- PIM S  H  SB GA TA FO     MP     PP MP  PK MP  
------------------------------------------------------------------------------------
Aaron Palushaj           0  0  0   0  0   1  1  0  0  1  0/0    12:55   0:00   0:00 
Aaron Rome               1  0  1   1  4   4  0  3  0  2  0/0    21:28   3:05   3:05 
David Jones              0  1  1  -1  0   6  2  0  4  1  0/1    17:48   4:00   0:56 
Drayson Bowman           0  0  0   0  0   0  2  1  1  0  0/4    14:55   0:00   3:02 
Elias Lindholm           0  0  0   0  0   1  1  1  1  1  5/7    14:00   0:27   0:56 
Eric Nystrom             1  0  1  -1  0   1  5  1  0  0  0/0    16:32   4:00   0:00 
Jaden Schwartz           0  1  1   2  2   0  2  0  1  0  0/0    20:37   4:05   3:58 
Mark Borowiecki          0  0  0   0  0   2  1  2  0  0  0/0    12:31   0:00   0:00 
Markus Granlund          0  0  0   0  0   0  0  0  0  0  0/0     0:00   0:00   0:00 
Martin Erat              0  1  1  -1  0   5  1  0  0  2  7/20   18:38   4:00   1:46 
Matt Gilroy              0  0  0   0  0   1  0  1  0  1  0/0    15:37   0:00   2:00 
Michael Kostka           0  0  0   1  2   3  2  4  0  0  0/0    21:11   3:05   2:47 
Mike Richards            1  1  2   2  2   3  0  1  6  0  11/18  24:38   3:38   3:48 
Pierre-Marc Bouchard     0  0  0   0  0   0  0  1  1  0  0/1     6:32   0:00   0:00 
Rich Peverley            0  2  2   2  0   1  0  0  3  0  0/2    17:36   4:05   1:46 
Stephen Weiss            0  0  0   0  0   0  1  0  0  0  0/4     6:32   0:00   0:00 
T.J. Brennan             0  0  0   0  0   1  2  2  0  3  0/0    25:07   5:00   4:10 
Tom Gilbert              0  0  0   0  0   2  1  0  0  2  0/0    25:07   5:00   4:10 

3 Stars

1 - Mike Richards (Ari)
2 - Rich Peverley (Ari)
3 - Eric Nystrom (Ari)

Power Play

Sharks - 1 on 5 Attempt(s) - 20.00%
Coyotes - 1 on 5 Attempt(s) - 20.00%

Penalty Kill

Sharks - 4 on 5 Attempt(s) - 80.00% - Score 0 goal in Penalty Kill
Coyotes - 4 on 5 Attempt(s) - 80.00% - Score 0 goal in Penalty Kill

Team Stat

Sharks - Hits : 21 - Faceoff Wins : 34 - Blocked Shots : 8 - Penalty Minutes : 10
Coyotes - Hits : 21 - Faceoff Wins : 23 - Blocked Shots : 17 - Penalty Minutes : 10

Official

Referees : Unknown
Linesman : Unknown

Game Notes

Maxim Lapierre is injured at 14:19 of 1st period (Lacerated Right Calf)

Finance

Level 1 -- Attendance: 4786 (79.77%) -- Ticket Income $440,312
Level 2 -- Attendance: 3355 (67.10%) -- Ticket Income $201,300
Level 3 -- Attendance: 1445 (72.25%) -- Ticket Income $46,240
Level 4 -- Attendance: 3188 (79.70%) -- Ticket Income $63,760
Luxury Box -- Attendance: 803 (80.30%) -- Ticket Income $148,555
Game was played at the Glendale Arena'
Total Attendance: 13577 (75.43%)
Total Ticket Income: $900,167
Other Income: $441,082
Total Income: $1,341,249

Sharks

5 vs 5 Forward 
   Center                   Left Wing                Right Wing               Time % Phy DF OF 
 1 Brad Richards            Vincent Lecavalier       Brian Gionta             35     0   2  3  
 2 Olli Jokinen             Curtis Glencross         Matt Hendricks           30     2   2  1  
 3 Maxim Lapierre           Richard Panik            Jayson Megna             22     2   3  0  
 4 Andy Andreoff            Alexandre Bolduc         Brian Gionta             13     2   2  1  

5 vs 5 Defense 
   Defense                  Defense                                           Time % Phy DF OF 
 1 Dion Phaneuf             Nicklas Grossmann                                 35     2   3  0  
 2 Mike Green               Mike Weber                                        30     2   2  1  
 3 Jay Harrison             Luca Sbisa                                        22     3   2  0  
 4 Dion Phaneuf             Mark Fistric                                      13     1   2  2  

PowerPlay Forward 
   Center                   Left Wing                Right Wing               Time % Phy DF OF 
 1 Brad Richards            Vincent Lecavalier       Brian Gionta             60     0   1  4  
 2 Olli Jokinen             Curtis Glencross         Matt Hendricks           40     1   1  3  

PowerPlay Defense
   Defense                  Defense                                           Time % Phy DF OF 
 1 Dion Phaneuf             Nicklas Grossmann                                 60     1   1  3  
 2 Mike Green               Mike Weber                                        40     1   1  3  

Penalty Kill 4 Players Forward 
   Center                   Wing                     Time % Phy DF OF 
 1 Brad Richards            Olli Jokinen             60     1   2  2  
 2 Vincent Lecavalier       Brian Gionta             40     1   2  2  

Penalty Kill 4 Players Defense
   Defense                  Defense                  Time % Phy DF OF 
 1 Dion Phaneuf             Luca Sbisa               60     1   2  2  
 2 Nicklas Grossmann        Mike Weber               40     1   2  2  

Penalty Kill - 3 Players Forward 
   Forward                                           Time % Phy DF OF 
 1 Brad Richards                                     60     1   2  2  
 2 Olli Jokinen                                      40     1   2  2  

Penalty Kill - 3 Players Defense
   Defense                  Defense                  Time % Phy DF OF 
 1 Dion Phaneuf             Luca Sbisa               60     1   2  2  
 2 Nicklas Grossmann        Mike Weber               40     1   2  2  

4 vs 4 Forward 
   Center                   Wing                     Time % Phy DF OF 
 1 Brad Richards            Olli Jokinen             60     1   2  2  
 2 Vincent Lecavalier       Brian Gionta             40     1   2  2  

4 vs 4 Defense
   Defense                  Defense                  Time % Phy DF OF 
 1 Dion Phaneuf             Nicklas Grossmann        60     1   2  2  
 2 Luca Sbisa               Mike Weber               40     1   2  2  

Last Minutes Offensive
   Center                   Left Wing                Right Wing               Defense                  Defense                  
   Brad Richards            Vincent Lecavalier       Brian Gionta             Dion Phaneuf             Nicklas Grossmann        

Last Minutes Defensive
   Center                   Left Wing                Right Wing               Defense                  Defense                  
   Brad Richards            Vincent Lecavalier       Brian Gionta             Dion Phaneuf             Nicklas Grossmann        

Goaltenders
Starting : Jonathan Quick           
Backup : Antti Raanta             

Extra Forwards
Normal : Maxim Lapierre, Richard Panik, Jayson Megna - PP : Maxim Lapierre, Richard Panik - PK : Jayson Megna
Extra Defensemen
Normal : Dion Phaneuf, Luca Sbisa, Mike Weber - PP : Dion Phaneuf - PK : Luca Sbisa, Dion Phaneuf
Penalty Shots
Brad Richards, Olli Jokinen, Vincent Lecavalier, Brian Gionta, Curtis Glencross

Coyotes

5 vs 5 Forward 
   Center                   Left Wing                Right Wing               Time % Phy DF OF 
 1 Mike Richards            Jaden Schwartz           Rich Peverley            35     1   2  2  
 2 Martin Erat              Eric Nystrom             David Jones              30     1   2  2  
 3 Elias Lindholm           Aaron Palushaj           Drayson Bowman           22     1   2  2  
 4 Stephen Weiss            Pierre-Marc Bouchard     Mike Richards            13     1   2  2  

5 vs 5 Defense 
   Defense                  Defense                                           Time % Phy DF OF 
 1 Tom Gilbert              T.J. Brennan                                      35     1   2  2  
 2 Michael Kostka           Aaron Rome                                        30     1   2  2  
 3 Mark Borowiecki          Matt Gilroy                                       22     1   2  2  
 4 Tom Gilbert              T.J. Brennan                                      13     1   2  2  

PowerPlay Forward 
   Center                   Left Wing                Right Wing               Time % Phy DF OF 
 1 Mike Richards            Jaden Schwartz           Rich Peverley            60     1   2  2  
 2 Martin Erat              Eric Nystrom             David Jones              40     1   2  2  

PowerPlay Defense
   Defense                  Defense                                           Time % Phy DF OF 
 1 Tom Gilbert              T.J. Brennan                                      60     1   2  2  
 2 Michael Kostka           Aaron Rome                                        40     1   2  2  

Penalty Kill 4 Players Forward 
   Center                   Wing                     Time % Phy DF OF 
 1 Mike Richards            Jaden Schwartz           60     1   2  2  
 2 Rich Peverley            Martin Erat              40     1   2  2  

Penalty Kill 4 Players Defense
   Defense                  Defense                  Time % Phy DF OF 
 1 Tom Gilbert              T.J. Brennan             60     1   2  2  
 2 Michael Kostka           Aaron Rome               40     1   2  2  

Penalty Kill - 3 Players Forward 
   Forward                                           Time % Phy DF OF 
 1 Mike Richards                                     60     1   2  2  
 2 Jaden Schwartz                                    40     1   2  2  

Penalty Kill - 3 Players Defense
   Defense                  Defense                  Time % Phy DF OF 
 1 Tom Gilbert              T.J. Brennan             60     1   2  2  
 2 Michael Kostka           Aaron Rome               40     1   2  2  

4 vs 4 Forward 
   Center                   Wing                     Time % Phy DF OF 
 1 Mike Richards            Jaden Schwartz           60     1   2  2  
 2 Rich Peverley            Martin Erat              40     1   2  2  

4 vs 4 Defense
   Defense                  Defense                  Time % Phy DF OF 
 1 Tom Gilbert              T.J. Brennan             60     1   2  2  
 2 Michael Kostka           Aaron Rome               40     1   2  2  

Last Minutes Offensive
   Center                   Left Wing                Right Wing               Defense                  Defense                  
   Mike Richards            Jaden Schwartz           Rich Peverley            Tom Gilbert              T.J. Brennan             

Last Minutes Defensive
   Center                   Left Wing                Right Wing               Defense                  Defense                  
   Mike Richards            Jaden Schwartz           Rich Peverley            Tom Gilbert              T.J. Brennan             

Goaltenders
Starting : Carter Hutton            
Backup : Malcolm Subban           

Extra Forwards
Normal : Elias Lindholm, Aaron Palushaj, Drayson Bowman - PP : Elias Lindholm, Aaron Palushaj - PK : Drayson Bowman
Extra Defensemen
Normal : Mark Borowiecki, Matt Gilroy, Michael Kostka - PP : Mark Borowiecki - PK : Matt Gilroy, Michael Kostka
Penalty Shots
Mike Richards, Jaden Schwartz, Rich Peverley, Martin Erat, Eric Nystrom

% Time on Ice - Sharks

Lines # - Real PCT - Wanted PCT - Time Play
Normal Forward
1 - 27% - 35% - 11:44
2 - 28% - 30% - 12:09
3 - 32% - 22% - 14:03
4 - 12% - 13% - 5:22
Normal Defense
1 - 31% - 35% - 13:28
2 - 33% - 30% - 14:25
3 - 26% - 22% - 11:27
4 - 9% - 13% - 3:58
PP Forward
1 - 49% - 60% - 3:57
2 - 51% - 40% - 4:09
PP Defense
1 - 57% - 60% - 4:35
2 - 43% - 40% - 3:31
PK Forward
1 - 92% - 60% - 7:25
2 - 8% - 40% - 0:40
PK Defense
1 - 66% - 60% - 5:21
2 - 34% - 40% - 2:44
PK3 Forward
1 - 0% - 60%
2 - 0% - 40%
PK3 Defense
1 - 0% - 60%
2 - 0% - 40%
44 Forward
1 - 0% - 60%
2 - 0% - 40%
44 Defense
1 - 0% - 60%
2 - 0% - 40%
Last Minute Offensive  - 0:31
Last Minute Defensive  - 0:00
Total
Forward - 60:00
Defense - 60:00

% Time on Ice - Coyotes

Lines # - Real PCT - Wanted PCT - Time Play
Normal Forward
1 - 28% - 35% - 12:05
2 - 30% - 30% - 12:52
3 - 27% - 22% - 11:49
4 - 15% - 13% - 6:32
Normal Defense
1 - 33% - 35% - 14:11
2 - 34% - 30% - 14:50
3 - 29% - 22% - 12:31
4 - 4% - 13% - 1:46
PP Forward
1 - 51% - 60% - 4:05
2 - 49% - 40% - 4:00
PP Defense
1 - 62% - 60% - 5:00
2 - 38% - 40% - 3:05
PK Forward
1 - 78% - 60% - 6:20
2 - 22% - 40% - 1:46
PK Defense
1 - 51% - 60% - 4:10
2 - 49% - 40% - 3:56
PK3 Forward
1 - 0% - 60%
2 - 0% - 40%
PK3 Defense
1 - 0% - 60%
2 - 0% - 40%
44 Forward
1 - 0% - 60%
2 - 0% - 40%
44 Defense
1 - 0% - 60%
2 - 0% - 40%
Last Minute Offensive  - 0:00
Last Minute Defensive  - 0:31
Total
Forward - 60:00
Defense - 60:00

Play by Play

1st period


0:01 of 1st period - Mike Richards wins face-off versus Brad Richards in neutral zone.
0:48 of 1st period - Off-side.
0:49 of 1st period - Olli Jokinen wins face-off versus Martin Erat in neutral zone.
0:51 of 1st period - Minor Penalty to Mike Weber for Hooking.
0:52 of 1st period - Martin Erat wins face-off versus Brad Richards in Sharks zone.
0:56 of 1st period - Snap shot by Martin Erat.
0:56 of 1st period - Stopped by Jonathan Quick with a rebound.
0:58 of 1st period - Snap shot by David Jones.
0:58 of 1st period - Deflect By Martin Erat.
0:58 of 1st period - Stopped by Jonathan Quick with a rebound.
1:00 of 1st period - Wrist shot by Eric Nystrom.
1:00 of 1st period - Goal by Eric Nystrom - Sharks : 0 - Coyotes : 1.
1:01 of 1st period - Maxim Lapierre wins face-off versus Drayson Bowman in neutral zone.
1:09 of 1st period - Minor Penalty to Michael Kostka for Tripping.
1:10 of 1st period - Brad Richards wins face-off versus Mike Richards in Coyotes zone.
1:20 of 1st period - Wrist shot by Dion Phaneuf.
1:20 of 1st period - Stopped by Carter Hutton with a rebound.
1:40 of 1st period - Slapshot by Dion Phaneuf.
1:40 of 1st period - Stopped by Carter Hutton with a rebound.
2:12 of 1st period - Matt Gilroy is hit by Matt Hendricks.
3:04 of 1st period - Matt Hendricks is hit by Martin Erat and loses puck.
3:09 of 1st period - Penalty to Michael Kostka is over, Michael Kostka is back on ice.
3:39 of 1st period - Slapshot by Elias Lindholm.
3:39 of 1st period - Shot Blocked by Maxim Lapierre.
3:47 of 1st period - Tom Gilbert is hit by Dion Phaneuf and loses puck.
4:18 of 1st period - Mark Borowiecki is hit by Alexandre Bolduc and loses puck.
4:25 of 1st period - Snap shot by Luca Sbisa.
4:25 of 1st period - Deflect By Brian Gionta.
4:25 of 1st period - Shot Blocked by Pierre-Marc Bouchard.
4:25 of 1st period - Puck is out of play.
4:26 of 1st period - Brad Richards wins face-off versus Stephen Weiss in Coyotes zone.
4:43 of 1st period - Vincent Lecavalier is hit by Stephen Weiss.
4:49 of 1st period - Mike Richards is hit by Vincent Lecavalier and loses puck.
5:10 of 1st period - Snap shot by Martin Erat.
5:10 of 1st period - Shot Misses the Net.
5:12 of 1st period - Snap shot by Eric Nystrom.
5:12 of 1st period - Shot Misses the Net.
5:14 of 1st period - Snap shot by Martin Erat.
5:14 of 1st period - Stopped by Jonathan Quick without a rebound.
5:15 of 1st period - Olli Jokinen wins face-off versus Martin Erat in Sharks zone.
5:24 of 1st period - Slapshot by Martin Erat.
5:24 of 1st period - Stopped by Jonathan Quick with a rebound.
5:26 of 1st period - Slapshot by Tom Gilbert.
5:26 of 1st period - Deflect By David Jones.
5:26 of 1st period - Stopped by Jonathan Quick with a rebound.
5:28 of 1st period - Wrist shot by Tom Gilbert.
5:28 of 1st period - Stopped by Jonathan Quick with a rebound.
5:30 of 1st period - Wrist shot by Martin Erat.
5:30 of 1st period - Deflect By Curtis Glencross.
5:30 of 1st period - Shot Blocked by Jay Harrison.
5:30 of 1st period - Puck is out of play.
5:31 of 1st period - Elias Lindholm wins face-off versus Maxim Lapierre in Sharks zone.
6:22 of 1st period - Michael Kostka is hit by Luca Sbisa and loses puck.
6:27 of 1st period - Slapshot by Dion Phaneuf.
6:27 of 1st period - Stopped by Carter Hutton without a rebound.
6:28 of 1st period - Andy Andreoff wins face-off versus Mike Richards in Coyotes zone.
6:45 of 1st period - Alexandre Bolduc is hit by Tom Gilbert and loses puck.
7:30 of 1st period - Wrist shot by Olli Jokinen.
7:30 of 1st period - Shot Blocked by T.J. Brennan.
7:32 of 1st period - Wrist shot by Matt Hendricks.
7:32 of 1st period - Deflect By Curtis Glencross.
7:32 of 1st period - Shot Misses the Net.
7:32 of 1st period - Puck is out of play.
7:33 of 1st period - Maxim Lapierre wins face-off versus Stephen Weiss in Coyotes zone.
7:51 of 1st period - Off-side.
7:52 of 1st period - Maxim Lapierre wins face-off versus Stephen Weiss in neutral zone.
7:59 of 1st period - Slapshot by Dion Phaneuf.
7:59 of 1st period - Shot Misses the Net.
8:03 of 1st period - Wrist shot by Richard Panik.
8:03 of 1st period - Shot Blocked by Mark Borowiecki.
8:09 of 1st period - Snap shot by Dion Phaneuf.
8:09 of 1st period - Shot Blocked by Mark Borowiecki.
8:11 of 1st period - Backhand shot by Dion Phaneuf.
8:11 of 1st period - Stopped by Carter Hutton without a rebound.
8:12 of 1st period - Martin Erat wins face-off versus Olli Jokinen in Coyotes zone.
8:12 of 1st period - Martin Erat is hit by Matt Hendricks.
8:15 of 1st period - Minor Penalty to Aaron Rome for Tripping.
8:16 of 1st period - Mike Richards wins face-off versus Olli Jokinen in Coyotes zone.
9:08 of 1st period - Nicklas Grossmann is hit by Jaden Schwartz and loses puck.
9:21 of 1st period - Slapshot by Vincent Lecavalier.
9:21 of 1st period - Shot Misses the Net.
9:23 of 1st period - Snap shot by Mike Weber.
9:23 of 1st period - Stopped by Carter Hutton without a rebound.
9:24 of 1st period - Brad Richards wins face-off versus Rich Peverley in Coyotes zone.
10:15 of 1st period - Penalty to Aaron Rome is over, Aaron Rome is back on ice.
10:19 of 1st period - Michael Kostka is hit by Brian Gionta and loses puck.
10:26 of 1st period - Snap shot by Vincent Lecavalier.
10:26 of 1st period - Shot Misses the Net.
10:28 of 1st period - Slapshot by Luca Sbisa.
10:28 of 1st period - Shot Blocked by Michael Kostka.
10:54 of 1st period - Slapshot by Jayson Megna.
10:54 of 1st period - Stopped by Carter Hutton with a rebound.
10:56 of 1st period - Snap shot by Maxim Lapierre.
10:56 of 1st period - Stopped by Carter Hutton with a rebound.
10:58 of 1st period - Slapshot by Luca Sbisa.
10:58 of 1st period - Shot Blocked by Matt Gilroy.
11:00 of 1st period - Slapshot by Luca Sbisa.
11:00 of 1st period - Stopped by Carter Hutton without a rebound.
11:01 of 1st period - Olli Jokinen wins face-off versus Elias Lindholm in Coyotes zone.
11:04 of 1st period - Slapshot by Dion Phaneuf.
11:04 of 1st period - Stopped by Carter Hutton with a rebound.
12:10 of 1st period - Snap shot by David Jones.
12:10 of 1st period - Shot Misses the Net.
12:12 of 1st period - Snap shot by Mark Borowiecki.
12:12 of 1st period - Stopped by Jonathan Quick with a rebound.
12:14 of 1st period - Slapshot by Mark Borowiecki.
12:14 of 1st period - Stopped by Jonathan Quick without a rebound.
12:15 of 1st period - Maxim Lapierre wins face-off versus Martin Erat in Sharks zone.
12:20 of 1st period - David Jones is hit by Mike Weber and loses puck.
12:33 of 1st period - Jayson Megna is hit by Mark Borowiecki and loses puck.
13:12 of 1st period - Icing by Tom Gilbert.
13:13 of 1st period - Elias Lindholm wins face-off versus Olli Jokinen in Coyotes zone.
13:18 of 1st period - Slapshot by Tom Gilbert.
13:18 of 1st period - Stopped by Jonathan Quick with a rebound.
13:29 of 1st period - Aaron Palushaj is hit by Mike Weber and loses puck.
13:52 of 1st period - Slapshot by Mike Richards.
13:52 of 1st period - Stopped by Jonathan Quick without a rebound.
13:53 of 1st period - Brad Richards wins face-off versus Mike Richards in Sharks zone.
14:18 of 1st period - Maxim Lapierre is hit by Michael Kostka and loses puck.
14:19 of 1st period - Maxim Lapierre from Sharks is injured at 14:19 of 1st period (Lacerated Right Calf).
14:20 of 1st period - Brad Richards wins face-off versus Mike Richards in Sharks zone.
15:13 of 1st period - Wrist shot by Olli Jokinen.
15:13 of 1st period - Goal by Olli Jokinen - Sharks : 1 - Coyotes : 1.
15:14 of 1st period - Olli Jokinen wins face-off versus Martin Erat in neutral zone.
15:57 of 1st period - Nicklas Grossmann is hit by Eric Nystrom and loses puck.
16:17 of 1st period - Brad Richards is hit by T.J. Brennan and loses puck.
16:22 of 1st period - Backhand shot by Mike Richards.
16:22 of 1st period - Shot Blocked by Brian Gionta.
16:30 of 1st period - Snap shot by Mike Richards.
16:30 of 1st period - Goal by Mike Richards - Sharks : 1 - Coyotes : 2.
16:31 of 1st period - Brad Richards wins face-off versus Mike Richards in neutral zone.
16:40 of 1st period - Wrist shot by Vincent Lecavalier.
16:40 of 1st period - Shot Blocked by Michael Kostka.
17:02 of 1st period - Wrist shot by Mike Richards.
17:02 of 1st period - Shot Blocked by Mike Green.
17:04 of 1st period - Slapshot by Aaron Rome.
17:04 of 1st period - Goal by Aaron Rome - Sharks : 1 - Coyotes : 3.
17:05 of 1st period - Martin Erat wins face-off versus Olli Jokinen in neutral zone.
17:22 of 1st period - Wrist shot by Olli Jokinen.
17:22 of 1st period - Shot Blocked by Eric Nystrom.
17:58 of 1st period - Jaden Schwartz is hit by Brad Richards and loses puck.
18:15 of 1st period - Mike Richards is hit by Dion Phaneuf and loses puck.
18:54 of 1st period - Mike Weber is hit by Aaron Palushaj.
19:04 of 1st period - Elias Lindholm is hit by Jay Harrison and loses puck.
19:51 of 1st period - Minor Penalty to Alexandre Bolduc for Hooking.
19:52 of 1st period - Brad Richards wins face-off versus Martin Erat in Sharks zone.
Goals for this period are 1 for Sharks vs 3 for Coyotes.
Shots for this period are 10 for Sharks vs 13 for Coyotes.

2nd period


0:01 of 2nd period - Olli Jokinen wins face-off versus Mike Richards in neutral zone.
0:08 of 2nd period - Slapshot by Dion Phaneuf.
0:08 of 2nd period - Stopped by Carter Hutton without a rebound.
0:09 of 2nd period - Mike Richards wins face-off versus Olli Jokinen in Coyotes zone.
0:09 of 2nd period - Mike Richards is hit by Luca Sbisa.
0:35 of 2nd period - Luca Sbisa is hit by Jaden Schwartz and loses puck.
1:12 of 2nd period - Snap shot by Brad Richards.
1:12 of 2nd period - Stopped by Carter Hutton without a rebound.
1:13 of 2nd period - Brad Richards wins face-off versus Martin Erat in Coyotes zone.
1:29 of 2nd period - Wrist shot by Martin Erat.
1:29 of 2nd period - Stopped by Jonathan Quick with a rebound.
1:31 of 2nd period - Wrist shot by Michael Kostka.
1:31 of 2nd period - Shot Blocked by Nicklas Grossmann.
1:33 of 2nd period - Snap shot by Michael Kostka.
1:33 of 2nd period - Stopped by Jonathan Quick with a rebound.
1:35 of 2nd period - Slapshot by Aaron Rome.
1:35 of 2nd period - Shot Misses the Net.
1:37 of 2nd period - Slapshot by Aaron Rome.
1:37 of 2nd period - Stopped by Jonathan Quick with a rebound.
1:39 of 2nd period - Snap shot by Martin Erat.
1:39 of 2nd period - Deflect By David Jones.
1:39 of 2nd period - Stopped by Jonathan Quick with a rebound.
1:51 of 2nd period - Penalty to Alexandre Bolduc is over, Alexandre Bolduc is back on ice.
1:51 of 2nd period - Snap shot by Vincent Lecavalier.
1:51 of 2nd period - Shot Blocked by Aaron Rome.
2:03 of 2nd period - Snap shot by Brian Gionta.
2:03 of 2nd period - Deflect By Alexandre Bolduc.
2:03 of 2nd period - Shot Blocked by Michael Kostka.
2:03 of 2nd period - Puck is out of play.
2:04 of 2nd period - Elias Lindholm wins face-off versus Alexandre Bolduc in Coyotes zone.
2:29 of 2nd period - Slapshot by Matt Gilroy.
2:29 of 2nd period - Deflect By Dion Phaneuf.
2:29 of 2nd period - Stopped by Jonathan Quick without a rebound.
2:30 of 2nd period - Andy Andreoff wins face-off versus Pierre-Marc Bouchard in Sharks zone.
3:03 of 2nd period - Slapshot by T.J. Brennan.
3:03 of 2nd period - Shot Misses the Net.
3:23 of 2nd period - Wrist shot by Drayson Bowman.
3:23 of 2nd period - Shot Misses the Net.
3:25 of 2nd period - Slapshot by Michael Kostka.
3:25 of 2nd period - Stopped by Jonathan Quick with a rebound.
3:27 of 2nd period - Slapshot by Aaron Rome.
3:27 of 2nd period - Deflect By Jay Harrison.
3:27 of 2nd period - Stopped by Jonathan Quick without a rebound.
3:28 of 2nd period - Martin Erat wins face-off versus Alexandre Bolduc in Sharks zone.
4:22 of 2nd period - Snap shot by Curtis Glencross.
4:22 of 2nd period - Shot Misses the Net.
4:24 of 2nd period - Slapshot by Mike Green.
4:24 of 2nd period - Shot Misses the Net.
4:50 of 2nd period - Brian Gionta is hit by Drayson Bowman and loses puck.
4:57 of 2nd period - T.J. Brennan is hit by Mike Green and loses puck.
5:14 of 2nd period - Snap shot by Elias Lindholm.
5:14 of 2nd period - Shot Misses the Net.
5:16 of 2nd period - Slapshot by Drayson Bowman.
5:16 of 2nd period - Shot Misses the Net.
5:18 of 2nd period - Snap shot by Aaron Palushaj.
5:18 of 2nd period - Stopped by Jonathan Quick without a rebound.
5:19 of 2nd period - Brad Richards wins face-off versus Martin Erat in Sharks zone.
5:28 of 2nd period - Snap shot by Brad Richards.
5:28 of 2nd period - Stopped by Carter Hutton with a rebound.
6:43 of 2nd period - Minor Penalty to Jaden Schwartz for Holding.
6:44 of 2nd period - Olli Jokinen wins face-off versus Mike Richards in Coyotes zone.
6:55 of 2nd period - Off-side.
6:56 of 2nd period - Mike Richards wins face-off versus Olli Jokinen in neutral zone.
7:15 of 2nd period - Snap shot by Dion Phaneuf.
7:15 of 2nd period - Deflect By Curtis Glencross.
7:15 of 2nd period - Shot Misses the Net.
7:15 of 2nd period - Puck is out of play.
7:16 of 2nd period - Mike Richards wins face-off versus Brad Richards in Coyotes zone.
8:00 of 2nd period - Matt Hendricks is hit by Michael Kostka and loses puck.
8:16 of 2nd period - David Jones is hit by Nicklas Grossmann and loses puck.
8:35 of 2nd period - Snap shot by Brad Richards.
8:35 of 2nd period - Stopped by Carter Hutton with a rebound.
8:43 of 2nd period - Penalty to Jaden Schwartz is over, Jaden Schwartz is back on ice.
11:21 of 2nd period - Luca Sbisa is hit by Elias Lindholm and loses puck.
12:42 of 2nd period - Wrist shot by Pierre-Marc Bouchard.
12:42 of 2nd period - Shot Misses the Net.
12:50 of 2nd period - Minor Penalty to Dion Phaneuf for Tripping.
12:51 of 2nd period - Mike Richards wins face-off versus Brad Richards in Sharks zone.
12:52 of 2nd period - Snap shot by Rich Peverley.
12:52 of 2nd period - Shot Misses the Net.
12:54 of 2nd period - Slapshot by Mike Richards.
12:54 of 2nd period - Shot Blocked by Nicklas Grossmann.
13:50 of 2nd period - Off-side.
13:51 of 2nd period - Elias Lindholm wins face-off versus Matt Hendricks in neutral zone.
13:56 of 2nd period - Snap shot by Jaden Schwartz.
13:56 of 2nd period - Shot Misses the Net.
13:58 of 2nd period - Wrist shot by Tom Gilbert.
13:58 of 2nd period - Shot Blocked by Curtis Glencross.
14:50 of 2nd period - Penalty to Dion Phaneuf is over, Dion Phaneuf is back on ice.
14:50 of 2nd period - Snap shot by Mike Richards.
14:50 of 2nd period - Stopped by Jonathan Quick without a rebound.
14:51 of 2nd period - Mike Richards wins face-off versus Andy Andreoff in Sharks zone.
15:12 of 2nd period - Snap shot by Elias Lindholm.
15:12 of 2nd period - Stopped by Jonathan Quick with a rebound.
16:14 of 2nd period - Curtis Glencross is hit by Eric Nystrom and loses puck.
16:47 of 2nd period - Tom Gilbert is hit by Nicklas Grossmann and loses puck.
18:04 of 2nd period - Jay Harrison is hit by David Jones and loses puck.
18:22 of 2nd period - Tom Gilbert is hit by Jay Harrison.
18:39 of 2nd period - Icing by Luca Sbisa.
18:40 of 2nd period - Martin Erat wins face-off versus Brad Richards in Sharks zone.
19:01 of 2nd period - Snap shot by Richard Panik.
19:01 of 2nd period - Shot Misses the Net.
19:03 of 2nd period - Slapshot by Mike Green.
19:03 of 2nd period - Shot Misses the Net.
19:05 of 2nd period - Slapshot by Mike Weber.
19:05 of 2nd period - Shot Misses the Net.
Goals for this period are 0 for Sharks vs 0 for Coyotes.
Shots for this period are 4 for Sharks vs 10 for Coyotes.

3rd period


0:01 of 3rd period - Mike Richards wins face-off versus Brad Richards in neutral zone.
0:22 of 3rd period - Snap shot by Vincent Lecavalier.
0:22 of 3rd period - Shot Blocked by T.J. Brennan.
0:44 of 3rd period - Minor Penalty to Mike Richards for Cross-checking.
0:45 of 3rd period - Olli Jokinen wins face-off versus Drayson Bowman in Coyotes zone.
1:00 of 3rd period - Slapshot by Mike Green.
1:00 of 3rd period - Shot Blocked by Michael Kostka.
1:12 of 3rd period - Snap shot by Curtis Glencross.
1:12 of 3rd period - Shot Blocked by Drayson Bowman.
1:14 of 3rd period - Snap shot by Olli Jokinen.
1:14 of 3rd period - Deflect By Curtis Glencross.
1:14 of 3rd period - Shot Misses the Net.
1:14 of 3rd period - Puck is out of play.
1:15 of 3rd period - Brad Richards wins face-off versus Drayson Bowman in Coyotes zone.
1:22 of 3rd period - Wrist shot by Vincent Lecavalier.
1:22 of 3rd period - Shot Hit the Post.
1:42 of 3rd period - Snap shot by Brian Gionta.
1:42 of 3rd period - Shot Misses the Net.
2:06 of 3rd period - Wrist shot by Dion Phaneuf.
2:06 of 3rd period - Shot Misses the Net.
2:08 of 3rd period - Wrist shot by Matt Hendricks.
2:08 of 3rd period - Stopped by Carter Hutton without a rebound.
2:09 of 3rd period - Olli Jokinen wins face-off versus Drayson Bowman in Coyotes zone.
2:44 of 3rd period - Penalty to Mike Richards is over, Mike Richards is back on ice.
3:04 of 3rd period - Slapshot by Richard Panik.
3:04 of 3rd period - Stopped by Carter Hutton with a rebound.
3:06 of 3rd period - Wrist shot by Jay Harrison.
3:06 of 3rd period - Shot Blocked by Aaron Rome.
3:08 of 3rd period - Snap shot by Luca Sbisa.
3:08 of 3rd period - Stopped by Carter Hutton with a rebound.
3:50 of 3rd period - Snap shot by Olli Jokinen.
3:50 of 3rd period - Shot Blocked by Mike Richards.
3:52 of 3rd period - Minor Penalty to Aaron Rome for Cross-checking.
3:53 of 3rd period - Mike Richards wins face-off versus Brad Richards in Coyotes zone.
4:02 of 3rd period - Slapshot by Dion Phaneuf.
4:02 of 3rd period - Deflect By Mike Richards.
4:02 of 3rd period - Goal by Dion Phaneuf - Sharks : 2 - Coyotes : 3.
4:03 of 3rd period - Brad Richards wins face-off versus Stephen Weiss in neutral zone.
4:24 of 3rd period - Slapshot by Mike Richards.
4:24 of 3rd period - Shot Misses the Net.
4:26 of 3rd period - Snap shot by Mike Richards.
4:26 of 3rd period - Deflect By Pierre-Marc Bouchard.
4:26 of 3rd period - Shot Misses the Net.
4:26 of 3rd period - Puck is out of play.
4:27 of 3rd period - Olli Jokinen wins face-off versus Martin Erat in Sharks zone.
5:19 of 3rd period - Icing by Matt Gilroy.
5:20 of 3rd period - Martin Erat wins face-off versus Brad Richards in Coyotes zone.
5:33 of 3rd period - Wrist shot by Rich Peverley.
5:33 of 3rd period - Stopped by Jonathan Quick without a rebound.
5:34 of 3rd period - Mike Richards wins face-off versus Alexandre Bolduc in Sharks zone.
5:35 of 3rd period - Wrist shot by Jaden Schwartz.
5:35 of 3rd period - Shot Misses the Net.
5:37 of 3rd period - Slapshot by Tom Gilbert.
5:37 of 3rd period - Shot Misses the Net.
5:39 of 3rd period - Slapshot by T.J. Brennan.
5:39 of 3rd period - Stopped by Jonathan Quick without a rebound.
5:40 of 3rd period - Alexandre Bolduc wins face-off versus Rich Peverley in Sharks zone.
6:04 of 3rd period - Wrist shot by Rich Peverley.
6:04 of 3rd period - Shot Misses the Net.
6:27 of 3rd period - Wrist shot by Brad Richards.
6:27 of 3rd period - Stopped by Carter Hutton without a rebound.
6:28 of 3rd period - Brad Richards wins face-off versus Elias Lindholm in Coyotes zone.
6:53 of 3rd period - Snap shot by Michael Kostka.
6:53 of 3rd period - Deflect By Brad Richards.
6:53 of 3rd period - Stopped by Jonathan Quick with a rebound.
6:55 of 3rd period - Slapshot by Aaron Rome.
6:55 of 3rd period - Stopped by Jonathan Quick without a rebound.
6:56 of 3rd period - Olli Jokinen wins face-off versus Martin Erat in Sharks zone.
6:56 of 3rd period - Minor Penalty to Dion Phaneuf for Hooking.
6:57 of 3rd period - Mike Richards wins face-off versus Brad Richards in Sharks zone.
7:31 of 3rd period - Snap shot by Rich Peverley.
7:31 of 3rd period - Shot Blocked by Brad Richards.
7:53 of 3rd period - Olli Jokinen is hit by David Jones and loses puck.
8:04 of 3rd period - Snap shot by David Jones.
8:04 of 3rd period - Stopped by Jonathan Quick without a rebound.
8:05 of 3rd period - Brad Richards wins face-off versus David Jones in Sharks zone.
8:22 of 3rd period - Slapshot by David Jones.
8:22 of 3rd period - Stopped by Jonathan Quick without a rebound.
8:23 of 3rd period - Vincent Lecavalier wins face-off versus Martin Erat in Sharks zone.
8:56 of 3rd period - Penalty to Dion Phaneuf is over, Dion Phaneuf is back on ice.
8:59 of 3rd period - Off-side.
9:00 of 3rd period - Elias Lindholm wins face-off versus Alexandre Bolduc in neutral zone.
10:57 of 3rd period - Icing by David Jones.
10:58 of 3rd period - Alexandre Bolduc wins face-off versus Martin Erat in Coyotes zone.
11:17 of 3rd period - Jay Harrison is hit by Eric Nystrom and loses puck.
12:21 of 3rd period - Nicklas Grossmann is hit by Drayson Bowman and loses puck.
12:30 of 3rd period - Slapshot by Dion Phaneuf.
12:30 of 3rd period - Shot Blocked by Elias Lindholm.
13:42 of 3rd period - Jayson Megna is hit by T.J. Brennan and loses puck.
13:53 of 3rd period - Eric Nystrom is hit by Richard Panik and loses puck.
14:00 of 3rd period - Wrist shot by David Jones.
14:00 of 3rd period - Stopped by Jonathan Quick with a rebound.
14:08 of 3rd period - Slapshot by David Jones.
14:08 of 3rd period - Stopped by Jonathan Quick without a rebound.
14:09 of 3rd period - Curtis Glencross wins face-off versus Martin Erat in Sharks zone.
14:16 of 3rd period - Matt Hendricks is hit by Eric Nystrom and loses puck.
15:34 of 3rd period - Drayson Bowman is hit by Richard Panik and loses puck.
16:12 of 3rd period - Mike Richards is hit by Vincent Lecavalier and loses puck.
16:23 of 3rd period - Tom Gilbert is hit by Luca Sbisa and loses puck.
16:29 of 3rd period - Minor Penalty to Luca Sbisa for Roughing.
16:30 of 3rd period - Brad Richards wins face-off versus Martin Erat in Sharks zone.
16:38 of 3rd period - Icing by T.J. Brennan.
16:39 of 3rd period - Martin Erat wins face-off versus Brad Richards in Coyotes zone.
18:24 of 3rd period - Nicklas Grossmann is hit by Eric Nystrom and loses puck.
18:29 of 3rd period - Penalty to Luca Sbisa is over, Luca Sbisa is back on ice.
18:42 of 3rd period - Sharks, Jonathan Quick is pulled from the net.
18:42 of 3rd period - Slapshot by Mike Green.
18:42 of 3rd period - Shot Blocked by Aaron Rome.
18:44 of 3rd period - Snap shot by Olli Jokinen.
18:44 of 3rd period - Deflect By Curtis Glencross.
18:44 of 3rd period - Stopped by Carter Hutton with a rebound.
18:46 of 3rd period - Snap shot by Olli Jokinen.
18:46 of 3rd period - Shot Misses the Net.
19:00 of 3rd period - Snap shot by Brad Richards.
19:00 of 3rd period - Stopped by Carter Hutton with a rebound.
19:56 of 3rd period - Wrist shot by Brian Gionta.
19:56 of 3rd period - Shot Misses the Net.
19:58 of 3rd period - Slapshot by Luca Sbisa.
19:58 of 3rd period - Shot Misses the Net.
Goals for this period are 1 for Sharks vs 0 for Coyotes.
Shots for this period are 7 for Sharks vs 8 for Coyotes.


Output by the SimonT Hockey Simulator (STHS) for Eric Dolegowski -- Original Page W3C XHTML 1.0 Valid
Hockey Simulator - Hockey Simulation - Hockey Manager